[Event "Team 45 45 League T46"]
[Site "Internet Chess Club"]
[Date "2010.08.09"]
[Round "1"]
[White "Buford-Julep"]
[Black "CREDITorDEBIT"]
[Result "1/2-1/2"]
[WhiteElo "1706"]
[BlackElo "1787"]
[Opening "Nimzo-Indian: 4.e3"]
[ECO "E40"]
[Time "18:01:01"]
[TimeControl "2700+45"]

1. d4 Nf6 2. c4 e6 3. Nc3 Bb4 4. e3 Bxc3+ 5. bxc3 c5 6. Bd3 d6 7. Nf3 Qc7 8. O-O
e5 9. e4 h6 10. h3 O-O 11. Bb2 Nc6 12. Qd2 b6 13. Qe3 Ba6 14. Rae1 Ne7 15. Nh4
Rae8 16. f4 exf4 17. Qxf4 Ng6 18. Nxg6 fxg6 19. Qg3 g5 20. Bc1 cxd4 21. cxd4
Bxc4 22. Bxc4+ Qxc4 23. Qxd6 Rd8 24. Qe5 Qxd4+ 25. Qxd4 Rxd4 26. Ba3 Re8 27. e5
Ne4 28. Bb2 Rb4 29. Ba1 Re6 30. Rf3 Nc5 31. Rd1 Rf4 32. Ra3 Rf7 33. Bb2 Kh7 34.
Bc3 Kg6 35. Bb2 a5 36. Re3 b5 37. Rd5 Na4 38. Rxb5 Nxb2 39. Rxb2 a4 40. Ra3 Rf4
41. Rb5 Ra6 42. Re3 Re6 43. Ra3 Kf5 44. Ra5 Rxe5 45. R5xa4 g4 46. Rxf4+ Kxf4 47.
hxg4 Kxg4 48. Kf2 Rc5 49. Rg3+ Kf4 50. Rf3+ Ke4 51. Re3+ Kd4 52. Re2 Ra5 53. Kg3
Kd3 54. Rf2 Ke4 55. Re2+ Kf5 56. Rf2+ Kg5 57. Rf7 g6 58. Rf2 h5 59. Rd2 h4+ 60.
Kh3 Ra3+ 61. Kh2 Kg4 62. Rd4+ Kh5 63. Rd2 g5 64. Rc2 Ra4 65. Rb2 Kg4 66. Rf2 Ra3
67. Rb2 Kf4 68. Rf2+ Ke4 69. Re2+ Kd4 70. Rb2 Rg3 71. Rb3 Rxb3 72. axb3 g4 73.
Kg1 {Game drawn by mutual agreement} 1/2-1/2

[Event "Team 45 45 League T46"]
[Site "Internet Chess Club"]
[Date "2010.08.09"]
[Round "1"]
[White "isolani"]
[Black "BishopMike"]
[Result "1-0"]
[WhiteElo "1534"]
[BlackElo "1443"]
[Opening "Dutch"]
[ECO "A80"]
[Time "22:00:19"]
[TimeControl "2700+45"]

1. d4 f5 2. Nf3 Nf6 3. c4 d5 4. Nc3 c6 5. e3 Nbd7 6. Be2 Qc7 7. Ng5 e5 8. Ne6
Qd6 9. Nxf8 Qxf8 10. cxd5 cxd5 11. O-O a6 12. dxe5 Nxe5 13. Nxd5 Nxd5 14. Qxd5
Nc6 15. Bd2 Qf6 16. Bc3 Qg6 17. Bf3 Be6 18. Qd6 Rd8 19. Bxc6+ bxc6 20. Qxc6+ Bd7
21. Qxg6+ hxg6 22. Bxg7 Rh7 23. Bf6 Rb8 24. Rac1 Rf7 25. Be5 Rb5 26. f4 Re7 27.
Rc7 Kd8 28. Ra7 a5 29. Bf6 Ke8 30. Bxe7 Kxe7 31. Rd1 {Black resigns} 1-0

[Event "Team 45 45 League T46"]
[Site "Internet Chess Club"]
[Date "2010.08.10"]
[Round "1"]
[White "achessfool"]
[Black "TheJaguar"]
[Result "0-1"]
[WhiteElo "1485"]
[BlackElo "1560"]
[Opening "Ruy Lopez: Classical defense deferred"]
[ECO "C70"]
[Time "10:00:15"]
[TimeControl "2700+45"]

1. e4 e5 2. Nf3 Nc6 3. Bb5 a6 4. Ba4 Bc5 5. c3 Nf6 6. Qe2 b5 7. Bb3 O-O 8. d3
Bb7 9. Bg5 h6 10. Bh4 Be7 11. O-O d6 12. Rd1 Nd7 13. Bxe7 Qxe7 14. a4 Nc5 15.
Bc2 Qd7 16. axb5 axb5 17. Rxa8 Rxa8 18. d4 exd4 19. cxd4 Na4 20. Qxb5 Ra5 21.
Qxb7 Nb6 22. d5 Nd8 23. Qb8 Ra8 24. Ba4 Qxa4 25. Qxc7 Qxd1+ 26. Ne1 Qxe1# {White
checkmated} 0-1

[Event "Team 45 45 League T46"]
[Site "Internet Chess Club"]
[Date "2010.08.08"]
[Round "1"]
[White "seattleblues"]
[Black "TheronUAL"]
[Result "0-1"]
[WhiteElo "1273"]
[BlackElo "1502"]
[Opening "Caro-Kann: advance variation"]
[ECO "B12"]
[Time "21:02:36"]
[TimeControl "2700+45"]

1. e4 c6 2. d4 d5 3. e5 Bf5 4. Bd3 Bxd3 5. Qxd3 e6 6. Nf3 Qb6 7. O-O Nd7 8. Nbd2
c5 9. c3 c4 10. Qe2 Ne7 11. Nh4 Ng6 12. Nxg6 hxg6 13. Nf3 Qd8 14. Rb1 b5 15. a3
Nb6 16. b3 a5 17. Qd1 b4 18. Bg5 Be7 19. Bxe7 Qxe7 20. cxb4 axb4 21. axb4 Ra3
22. Qc2 Qa7 23. Nd2 Ke7 24. bxc4 Nxc4 25. Nb3 Ra8 26. Qc3 Qb8 27. Na5 Rxc3 28.
Nc6+ Ke8 29. Nxb8 Rxb8 30. Rfd1 Rc2 31. Rd3 Rxb4 32. Rdd1 Rxb1 33. Rxb1 Rb2 34.
Rxb2 Nxb2 35. Kf1 f6 36. Ke2 Nc4 37. f4 f5 38. g3 Kf8 39. Kd3 Kg8 40. Ke2 Kh7
41. h3 Kh6 42. Kf3 Na3 43. Ke3 Nc2+ 44. Kd3 Na3 45. h4 Kh5 46. Ke3 Kg4 47. Kf2
Nc2 {White resigns} 0-1

[Event "Team 45 45 League T46"]
[Site "Internet Chess Club"]
[Date "2010.08.06"]
[Round "1"]
[White "Ivio"]
[Black "SugarIslander"]
[Result "0-1"]
[WhiteElo "1815"]
[BlackElo "1725"]
[Opening "QGD Slav: Czech defense"]
[ECO "D17"]
[Time "19:00:28"]
[TimeControl "2700+45"]

1. d4 d5 2. Nf3 Nf6 3. c4 c6 4. Nc3 dxc4 5. a4 Bf5 6. Bg5 Nbd7 7. e3 e6 8. e4
Bg4 9. h3 Bxf3 10. Qxf3 Qb6 11. Bxc4 Qxd4 12. Qe2 Bb4 13. O-O Bxc3 14. bxc3 Qxe4
15. Qa2 O-O 16. Rfe1 Qf5 17. Bh4 Ne5 18. Bb3 Ng6 19. Bg3 Nd5 20. Rac1 Rfd8 21.
Qb2 a5 22. Bc2 Qf6 23. Qxb7 c5 24. c4 Nb4 25. Bb1 Qe7 26. Qe4 Ra7 27. Rcd1 Rad7
28. Rxd7 Qxd7 29. Bh4 f5 30. Qe3 Nxh4 31. Qxc5 Qc6 32. Qxc6 Nxc6 33. Rxe6 Rd1+
34. Kh2 Rxb1 35. Rxc6 Rb4 36. Kg3 Ng6 37. Rc5 f4+ 38. Kh2 Rxa4 39. Rc8+ Kf7 40.
c5 Rc4 41. c6 Ne7 42. Ra8 Nxc6 43. Ra6 a4 44. g3 fxg3+ 45. fxg3 Nd4 46. h4 Nb5
47. Ra5 Rb4 48. Kh3 a3 49. Ra6 Rb2 50. h5 a2 51. h6 gxh6 52. Rxh6 a1=Q 53. Rxh7+
Ke6 54. Rh6+ Kd5 55. g4 Qh1+ 56. Kg3 {White resigns} 0-1

[Event "Team 45 45 League T46"]
[Site "Internet Chess Club"]
[Date "2010.08.08"]
[Round "1"]
[White "oldsj"]
[Black "Salvatore"]
[Result "0-1"]
[WhiteElo "1653"]
[BlackElo "1639"]
[Opening "Sicilian: accelerated fianchetto, modern variation"]
[ECO "B34"]
[Time "14:03:29"]
[TimeControl "2700+45"]

1. e4 c5 2. Nf3 g6 3. d4 cxd4 4. Nxd4 Nc6 5. Nc3 Bg7 6. Be3 Nf6 7. f3 O-O 8. Qd2
d5 9. Nxc6 bxc6 10. O-O-O e6 11. Bh6 Rb8 12. Bxg7 Kxg7 13. Bc4 Qa5 14. Bb3 Bb7
15. e5 Nd7 16. f4 c5 17. a3 Bc6 18. Ne4 Qb6 19. Nc3 c4 20. Ne2 cxb3 21. c3 Nc5
22. Nd4 Ne4 23. Qe1 Ba4 24. Rd3 Rfc8 25. g4 Bd7 26. h4 Rc4 27. f5 Rbc8 28. f6+
Kf8 29. Qe3 Qc7 30. Qh6+ Ke8 31. Qg7 Kd8 32. Qf8+ Be8 {White forfeits on time}
0-1

[Event "Team 45 45 League T46"]
[Site "Internet Chess Club"]
[Date "2010.08.09"]
[Round "1"]
[White "dscvdchk"]
[Black "Mark-SF"]
[Result "0-1"]
[WhiteElo "1485"]
[BlackElo "1711"]
[Opening "QGD: Ragozin variation"]
[ECO "D38"]
[Time "11:01:24"]
[TimeControl "2700+45"]

1. d4 d5 2. Nf3 Nf6 3. c4 e6 4. Nc3 Bb4 5. Bg5 O-O 6. e3 Nbd7 7. Qb3 a5 8. a3
Bxc3+ 9. Qxc3 h6 10. Bh4 b6 11. cxd5 exd5 12. Qc6 Ba6 13. Bxa6 Rxa6 14. Rc1 Ra7
15. O-O Nb8 16. Qc2 Qd6 17. Bg3 Qe6 18. h3 Ne4 19. Bh2 Rc8 20. Qb3 Nd7 21. Qa4
c5 22. dxc5 bxc5 23. b4 Nb6 24. Qb5 axb4 25. axb4 c4 26. Nd4 Qg6 27. Rc2 Rb7 28.
Qa6 Rd7 29. Rfc1 Qf6 30. f3 Ng5 31. Rc3 Re8 32. Qa2 Ne6 33. Nc6 Nc7 34. Nd4 Ne6
35. Nc6 Nd8 36. Nd4 Nc6 37. Nxc6 Qxc6 38. Qf2 Ra7 39. Qd2 Rea8 40. R1c2 Ra4 41.
Rb2 Ra1+ 42. Kf2 Na4 43. b5 Qf6 44. Rcc2 Nxb2 45. Rxb2 Qxb2 46. Qxb2 R8a2 47.
Qxa2 Rxa2+ 48. Kg3 Rb2 {White resigns} 0-1

[Event "Team 45 45 League T46"]
[Site "Internet Chess Club"]
[Date "2010.08.08"]
[Round "1"]
[White "rom1"]
[Black "milesotoole"]
[Result "1-0"]
[WhiteElo "1499"]
[BlackElo "1453"]
[Opening "Nimzo-Indian: Spielmann variation"]
[ECO "E22"]
[Time "19:17:52"]
[TimeControl "2700+45"]

1. d4 Nf6 2. c4 e6 3. Nc3 Bb4 4. Qb3 c5 5. Nf3 Nc6 6. dxc5 Ne4 7. a3 Bxc3+ 8.
bxc3 Nxc5 9. Qc2 O-O 10. g3 b6 11. Bg2 Bb7 12. O-O Ne7 13. Bf4 Ng6 14. Bd6 Re8
15. Ne5 Bxg2 16. Kxg2 Nxe5 17. Bxe5 d6 18. Rfd1 d5 19. Bd4 Qc7 20. cxd5 exd5 21.
f3 Rad8 22. Rab1 Nb7 23. Kf2 Nd6 24. Rd2 Nf5 25. Qxf5 {Black resigns} 1-0

[Event "Team 45 45 League T46"]
[Site "Internet Chess Club"]
[Date "2010.08.08"]
[Round "1"]
[White "rayonline53"]
[Black "JOHNGALT"]
[Result "0-1"]
[WhiteElo "1554"]
[BlackElo "1785"]
[Opening "Ruy Lopez: closed, Breyer, Borisenko variation"]
[ECO "C95"]
[Time "15:00:29"]
[TimeControl "2700+45"]

1. e4 e5 2. Nf3 Nc6 3. Bb5 a6 4. Ba4 Nf6 5. O-O Be7 6. Re1 b5 7. Bb3 d6 8. c3
O-O 9. h3 Nb8 10. d4 Nbd7 11. Nbd2 Bb7 12. Bc2 Re8 13. Nf1 Bf8 14. Ng3 g6 15.
Bg5 h6 16. Bd2 c5 17. d5 Bg7 18. Nh2 Kh7 19. Rf1 Rf8 20. f4 exf4 21. Bxf4 Nb6
22. Qf3 Nc4 23. Rab1 Ne5 24. Qf2 Qe7 25. Nf3 Nfd7 26. Rbd1 Nxf3+ 27. Qxf3 Ne5
28. Qf2 Rae8 29. Bb1 Bc8 30. Bc1 Qc7 31. Kh1 Bd7 32. Qc2 Re7 33. Rf2 Qc8 34. Kh2
f6 35. Rdf1 Be8 36. Kh1 Bf7 37. Qe2 Kh8 38. Bf4 Bg8 39. Bc2 Bh7 40. Bc1 Ref7 41.
Kg1 Qd7 42. Rf4 g5 43. R4f2 Ng6 44. Nh5 Nh4 45. Ng3 f5 46. exf5 Nxf5 47. Nxf5
Bxf5 48. Bxf5 Rxf5 49. Rxf5 Rxf5 50. Rxf5 Qxf5 51. Qe8+ Kh7 52. Qe6 Qxe6 53.
dxe6 Kg6 54. Kf2 Kf6 55. Ke3 Kxe6 56. Kd3 Kd5 57. Be3 c4+ 58. Ke2 Ke4 59. Bb6
Bf6 60. Bc7 d5 61. Bb6 d4 62. Kd2 h5 63. Ba5 Be5 64. Bb4 Bf4+ 65. Kd1 Kd3 66.
cxd4 Kxd4 67. Bc3+ Kd3 68. Bf6 g4 69. h4 Be3 70. Bg5 Bd4 71. Bd8 Bxb2 {White
resigns} 0-1

[Event "Team 45 45 League T46"]
[Site "Internet Chess Club"]
[Date "2010.08.08"]
[Round "1"]
[White "lw"]
[Black "nursey"]
[Result "0-1"]
[WhiteElo "1574"]
[BlackElo "1674"]
[Opening "Sicilian: Andreaschek gambit"]
[ECO "B21"]
[Time "14:09:49"]
[TimeControl "2700+45"]

1. e4 c5 2. d4 cxd4 3. Nf3 e5 4. c3 Qa5 5. Bd2 dxc3 6. Bxc3 Bb4 7. Qb3 Nc6 8.
Bc4 Bxc3+ 9. Nxc3 Nh6 10. Ng5 O-O 11. O-O Nd4 12. Qd1 b5 13. Bd5 Rb8 14. Qh5 Bb7
15. Bxf7+ Rxf7 16. Nxf7 Nxf7 17. Rad1 Qb4 18. Qh3 Qxb2 19. Rb1 Qxc3 20. Qxc3
Ne2+ 21. Kh1 Nxc3 {White resigns} 0-1

[Event "Team 45 45 League T46"]
[Site "Internet Chess Club"]
[Date "2010.08.08"]
[Round "1"]
[White "oldprez"]
[Black "Whalen"]
[Result "0-1"]
[WhiteElo "1390"]
[BlackElo "1536"]
[Opening "French: exchange variation"]
[ECO "C01"]
[Time "11:00:11"]
[TimeControl "2700+45"]

1. e4 e6 2. d4 d5 3. exd5 exd5 4. Nf3 Nc6 5. Bb5 Bd6 6. Nc3 Ne7 7. O-O O-O 8.
Ne2 a6 9. Ba4 b5 10. Bb3 Na5 11. Ne5 Nxb3 12. axb3 Bxe5 13. dxe5 Bb7 14. Bg5 h6
15. Bh4 Qd7 16. f4 Nf5 17. Bf2 Rfe8 18. Qd3 Rad8 19. Nd4 Nxd4 20. Qxd4 Qf5 21.
c3 Re6 22. Bh4 Rc8 23. b4 Qg4 24. f5 Qxd4+ 25. cxd4 Rc6 26. f6 Rc4 27. fxg7 Rxd4
28. e6 Rxh4 29. Rxf7 Rg4 30. Rc1 Rxg7 31. Rcxc7 Rxc7 {White resigns} 0-1

[Event "Team 45 45 League T46"]
[Site "Internet Chess Club"]
[Date "2010.08.07"]
[Round "1"]
[White "slipkid"]
[Black "radiohead"]
[Result "1-0"]
[WhiteElo "1646"]
[BlackElo "1310"]
[Opening "Sicilian: Alapin's variation (2.c3)"]
[ECO "B22"]
[Time "08:00:26"]
[TimeControl "2700+45"]

1. e4 c5 2. c3 d5 3. exd5 Qxd5 4. d4 Nf6 5. Nf3 Bg4 6. Be2 e6 7. O-O Be7 8. Nbd2
O-O 9. h3 Bh5 10. Nb3 c4 11. Nbd2 b5 12. a4 a6 13. Re1 Nc6 14. b3 cxb3 15. Nxb3
Ne4 16. Qc2 Rac8 17. axb5 Nb4 18. Qb2 Nxc3 19. Nc5 Nxe2+ 20. Rxe2 Bxc5 21. Re5
Nd3 22. Rxd5 Nxb2 23. Rxh5 Nd3 24. dxc5 Rxc5 25. Rxc5 Nxc5 26. bxa6 Ra8 27. a7
Nb3 28. Rb1 {Black resigns} 1-0

[Event "Team 45 45 League T46"]
[Site "Internet Chess Club"]
[Date "2010.08.07"]
[Round "1"]
[White "Geeloo"]
[Black "Ptzz"]
[Result "1/2-1/2"]
[WhiteElo "2116"]
[BlackElo "2106"]
[Opening "Caro-Kann: Panov-Botvinnik attack"]
[ECO "B13"]
[Time "06:04:24"]
[TimeControl "2700+45"]

1. e4 c6 2. d4 d5 3. exd5 cxd5 4. c4 Nf6 5. Nc3 Nc6 6. Nf3 Bg4 7. cxd5 Nxd5 8.
Qb3 Bxf3 9. gxf3 Nb6 10. Be3 e6 11. O-O-O Be7 12. d5 exd5 13. Nxd5 Nxd5 14. Rxd5
Qc8 15. Kb1 O-O 16. Bd3 Nb4 17. Rd4 Nxd3 18. Qxd3 Bf6 19. Rd7 Qc6 20. Qd5 Qxd5
21. Rxd5 Rfd8 22. Rhd1 b6 23. a4 Kf8 24. b4 Ke8 25. Rxd8+ Rxd8 26. Rxd8+ Kxd8
27. Kc2 Be5 28. h3 Kc7 29. Kd3 Kd6 30. Ke4 Ke6 31. Bd2 f5+ 32. Kd3 Kd5 33. f4
Bd6 34. f3 a6 35. Kc3 b5 36. axb5 axb5 37. Kd3 g6 38. Kc3 Be7 39. Kd3 Bh4 40.
Kc3 Bf2 41. Kd3 Bh4 42. Kc3 Be7 43. Kd3 h6 44. Kc3 g5 45. fxg5 hxg5 46. Kd3 Bf6
47. Be1 Be5 48. Bd2 Bf6 49. Be1 Ke6 50. Bd2 Kd5 51. Be1 {Game drawn by
repetition} 1/2-1/2

[Event "Team 45 45 League T46"]
[Site "Internet Chess Club"]
[Date "2010.08.09"]
[Round "1"]
[White "bogolijubov"]
[Black "Zumbi"]
[Result "1-0"]
[WhiteElo "1740"]
[BlackElo "1998"]
[Opening "Alekhine's defense: Scandinavian variation"]
[ECO "B02"]
[Time "19:21:49"]
[TimeControl "2700+45"]

1. e4 Nf6 2. Nc3 d5 3. e5 d4 4. exf6 dxc3 5. fxg7 cxd2+ 6. Bxd2 Bxg7 7. Qh5 Qd4
8. c3 Qe4+ 9. Qe2 Qxe2+ 10. Bxe2 c5 11. Be3 Nd7 12. Bb5 b6 13. Bc6 Rb8 14. O-O-O
e5 15. Nf3 f6 16. Nh4 Kd8 17. Nf5 Bf8 18. Bh6 Kc7 19. Be4 Bxh6+ 20. Nxh6 Nf8 21.
Nf5 Ng6 22. Nd6 a6 23. Rd2 Be6 24. Rhd1 Rhd8 25. g3 Bxa2 26. Kc2 Be6 27. h4 Rd7
28. Nf5 Rbd8 29. Ng7 Bb3+ 30. Kc1 Bxd1 31. Ne6+ Kc8 32. Nxd8 Kxd8 33. Kxd1 Rxd2+
34. Kxd2 b5 35. b4 cxb4 36. cxb4 Kc7 37. Ke3 Kb6 38. Bxg6 hxg6 39. g4 Kc6 40. h5
a5 41. hxg6 axb4 42. g7 b3 43. g8=Q b2 44. Qa2 {Black resigns} 1-0

[Event "Team 45 45 League T46"]
[Site "Internet Chess Club"]
[Date "2010.08.06"]
[Round "1"]
[White "Guoruey"]
[Black "CapitanTrueno"]
[Result "1/2-1/2"]
[WhiteElo "1919"]
[BlackElo "1794"]
[Opening "Ruy Lopez: open, Riga variation"]
[ECO "C80"]
[Time "19:10:17"]
[TimeControl "2700+45"]

1. e4 e5 2. Nf3 Nc6 3. Bb5 a6 4. Ba4 Nf6 5. O-O Nxe4 6. d4 exd4 7. Re1 d5 8.
Nxd4 Bd6 9. Nxc6 Bxh2+ 10. Kh1 Qh4 11. Rxe4+ dxe4 12. Qd8+ Qxd8 13. Nxd8+ Kxd8
14. Kxh2 Be6 15. Nc3 c5 16. Nxe4 b5 17. Nxc5 bxa4 18. Bg5+ Kc7 19. Nxa4 f6 20.
Be3 Kc6 21. c3 Rhd8 22. Bd4 Re8 23. Kg3 Bd5 24. Rh1 h6 25. Nb6 Rab8 26. Nxd5
Kxd5 27. Rh5+ Ke4 28. b4 Rb5 29. Rh4+ Kd3 30. a4 Rg5+ 31. Rg4 Rxg4+ 32. Kxg4 Kc4
33. Kf5 Re7 34. Kg6 Rd7 35. g4 Re7 36. Kh7 Rd7 37. Kg8 Kb3 38. a5 Kc4 39. Kh7
Re7 40. Kg6 Rd7 41. f3 Re7 42. f4 Rd7 43. g5 hxg5 44. fxg5 fxg5 45. Kxg5 Rb7 46.
Kg6 Rxb4 47. cxb4 Kxb4 {Game drawn by mutual agreement} 1/2-1/2

[Event "Team 45 45 League T46"]
[Site "Internet Chess Club"]
[Date "2010.08.10"]
[Round "1"]
[White "DTK"]
[Black "Stryker672"]
[Result "1-0"]
[WhiteElo "2191"]
[BlackElo "1954"]
[Opening "Ruy Lopez: classical defense, Benelux variation"]
[ECO "C64"]
[Time "18:04:44"]
[TimeControl "2700+45"]

1. e4 e5 2. Nf3 Nc6 3. Bb5 Bc5 4. c3 Nf6 5. O-O O-O 6. d4 Bb6 7. Bg5 h6 8. Bh4
d6 9. Qd3 Qe7 10. Nbd2 Nb8 11. Rfe1 c6 12. Ba4 Bg4 13. h3 Bh5 14. Nc4 Bc7 15.
Ne3 Bg6 16. Nf5 Bxf5 17. exf5 Nbd7 18. Bc2 Rfe8 19. dxe5 dxe5 20. Nd2 Qd6 21.
Qe2 Qc5 22. Rad1 Nd5 23. Ne4 Qb6 24. Bb3 Nc5 25. Qg4 Nxe4 26. Rxe4 Bd8 27. Qg3
Bxh4 28. Rxh4 Kh7 29. f6 gxf6 30. Bc2+ e4 31. Rxe4 Rxe4 32. Bxe4+ Kh8 33. Qh4
Kg7 34. Rd3 Rh8 35. Qg4+ Kf8 36. Qc8+ Ke7 37. Qxh8 Qxb2 38. Qxh6 Nxc3 39. Qe3
Nd1 40. Rxd1 {Black resigns} 1-0

[Event "Team 45 45 League T46"]
[Site "Internet Chess Club"]
[Date "2010.08.08"]
[Round "1"]
[White "zachi"]
[Black "room-matt"]
[Result "1-0"]
[WhiteElo "1961"]
[BlackElo "1691"]
[Opening "Polish (Sokolsky) opening"]
[ECO "A00"]
[Time "09:08:25"]
[TimeControl "2700+45"]

1. b4 d5 2. Bb2 Nf6 3. Nf3 e6 4. b5 Bc5 5. e3 O-O 6. Be2 Re8 7. O-O Ne4 8. d3
Nd6 9. d4 Bb6 10. Nbd2 a6 11. a4 axb5 12. axb5 Rxa1 13. Qxa1 Bd7 14. c4 dxc4 15.
Nxc4 Nxb5 16. Nxb6 cxb6 17. Rc1 Nd6 18. d5 f6 19. dxe6 Bxe6 20. Nd4 Bd5 21. Nb5
Nxb5 22. Bxb5 Nc6 23. Rd1 Re7 24. Bxf6 gxf6 25. Qxf6 Rd7 26. Qf5 Kg7 27. Bc4 Ne7
28. Qg4+ Kf8 29. e4 Be6 30. Rxd7 Bxd7 31. Qh5 Ng6 32. Qh6+ Ke8 33. Qxh7 Qf6 34.
Qg8+ Nf8 35. h4 Be6 36. Bb5+ Bd7 37. Bc4 Be6 38. Bb5+ Bd7 39. Bxd7+ Kxd7 40.
Qd5+ Kc7 41. e5 Qc6 42. Qf7+ Nd7 43. e6 Qd5 44. Qxd7+ Qxd7 45. exd7 Kxd7 46. h5
Ke6 47. h6 Kf7 48. g4 Kg6 49. g5 b5 50. Kf1 b4 51. Ke1 b3 52. Kd2 b2 53. Kc2
{Black resigns} 1-0

[Event "Team 45 45 League T46"]
[Site "Internet Chess Club"]
[Date "2010.08.10"]
[Round "1"]
[White "mickeys"]
[Black "LucaTrapani"]
[Result "1-0"]
[WhiteElo "1929"]
[BlackElo "2039"]
[Opening "Queen's pawn"]
[ECO "A40"]
[Time "19:00:14"]
[TimeControl "2700+45"]

1. d4 e6 2. Nf3 f5 3. Bg5 Nf6 4. e3 Be7 5. Bd3 O-O 6. c4 c6 7. O-O d5 8. Nc3 Qe8
9. Rc1 a5 10. Qb3 Na6 11. c5 h6 12. Bxf6 Bxf6 13. Na4 Nc7 14. Nb6 Ra7 15. Qa4 g5
16. b4 Na8 17. bxa5 Nxb6 18. cxb6 Ra8 19. Ne5 Qd8 20. Qb4 Be7 21. Qc3 Bd6 22.
Rb1 Rb8 23. Rfc1 Bxe5 24. dxe5 Bd7 25. Qc5 Kf7 26. a6 Bc8 27. a7 Ra8 28. a4 Re8
29. Be2 Re7 30. h3 Kg6 31. a5 Qd7 32. a6 Re8 33. Ra1 Rd8 34. axb7 Bxb7 35. Ba6
Rdc8 36. Qd6 Qf7 37. Bxb7 Qxb7 38. Qxe6+ Kh5 39. g4+ {Black resigns} 1-0

[Event "Team 45 45 League T46"]
[Site "Internet Chess Club"]
[Date "2010.08.06"]
[Round "1"]
[White "Harmonicus"]
[Black "cknights"]
[Result "1-0"]
[WhiteElo "1887"]
[BlackElo "1764"]
[Opening "Sicilian: closed"]
[ECO "B23"]
[Time "12:33:14"]
[TimeControl "2700+45"]

1. e4 c5 2. Nc3 d6 3. g3 Nf6 4. Bg2 g6 5. d3 Bg7 6. Nge2 e6 7. O-O Nc6 8. h3 O-O
9. Be3 Rb8 10. Qd2 b6 11. Bh6 Bb7 12. Bxg7 Kxg7 13. f4 Qd7 14. Nd1 Rfe8 15. Ne3
Rbd8 16. g4 Ne7 17. Ng3 d5 18. g5 Nfg8 19. f5 exf5 20. exf5 gxf5 21. Nexf5+ Kf8
22. Nh6 Nxh6 23. gxh6 Ng6 24. Nh5 Re5 25. Nf6 Qe7 26. Nxh7+ Kg8 27. Nf6+ Kh8 28.
Rf2 Re6 29. Raf1 Rdd6 30. Ng4 f6 31. d4 Ba6 32. Rd1 Be2 33. Rc1 Bxg4 34. hxg4 c4
35. Rcf1 Kh7 36. g5 Nh4 37. Bh3 Re3 38. gxf6 Qe4 39. Bg2 Rg3 40. f7 Rf6 41. Qe2
Nf3+ 42. Qxf3 Rgxf3 43. Rxf3 Qxd4+ 44. Kh2 Qe5+ 45. Kg1 Qd4+ 46. Kh2 Qe5+ 47.
Kh1 Qh5+ 48. Kg1 Rxh6 49. Rh3 Qe5 50. Rxh6+ Kxh6 51. f8=Q+ Kh7 52. Rf7+ Kg6 53.
Qg8+ Qg7 54. Qxg7+ Kh5 55. Rf5+ Kh4 56. Qg5# {Black checkmated} 1-0

[Event "Team 45 45 League T46"]
[Site "Internet Chess Club"]
[Date "2010.08.08"]
[Round "1"]
[White "pishd"]
[Black "qs16"]
[Result "1-0"]
[WhiteElo "1689"]
[BlackElo "1722"]
[Opening "Queen's pawn game"]
[ECO "A46"]
[Time "08:04:23"]
[TimeControl "2700+45"]

1. d4 Nf6 2. Nf3 e6 3. Bf4 b6 4. e3 Bb7 5. h3 Be7 6. Bd3 O-O 7. Nbd2 d5 8. Ne5
Nbd7 9. c3 Nxe5 10. dxe5 Nd7 11. Qh5 g6 12. Qg4 c5 13. h4 Qc7 14. Nf3 d4 15.
exd4 Bxf3 16. Qxf3 cxd4 17. cxd4 Bb4+ 18. Ke2 Rac8 19. Rac1 Qb8 20. h5 Rc7 21.
Rxc7 Qxc7 22. Rc1 Qd8 23. Qg4 Kg7 24. Rh1 f5 25. exf6+ Nxf6 26. Be5 Kf7 27.
hxg6+ hxg6 28. Qxg6+ Ke7 29. Qg7+ Ke8 30. Bg6+ {Black resigns} 1-0

[Event "Team 45 45 League T46"]
[Site "Internet Chess Club"]
[Date "2010.08.06"]
[Round "1"]
[White "JWB"]
[Black "CameronD"]
[Result "1-0"]
[WhiteElo "1693"]
[BlackElo "1704"]
[Opening "English: New York (London) defensive system"]
[ECO "A12"]
[Time "09:00:25"]
[TimeControl "2700+45"]

1. c4 c6 2. Nf3 d5 3. b3 Nf6 4. Bb2 Bf5 5. d3 e6 6. Nbd2 Bc5 7. e3 O-O 8. Be2 h6
9. O-O Nbd7 10. Ne5 Nxe5 11. Bxe5 Nd7 12. Bg3 e5 13. cxd5 cxd5 14. Rc1 Ba3 15.
Rc2 Qe7 16. Nb1 Bd6 17. Nc3 Nf6 18. Nb5 Bb4 19. Qa1 Rfc8 20. Rxc8+ Rxc8 21. Nxa7
Rc2 22. Bd1 Bc3 23. Qb1 Rd2 24. Qc1 Qc5 25. Bxe5 Qxa7 26. Qxc3 Qxa2 27. Bxf6
Bxd3 28. Bxg7 Bxf1 29. Bxh6 d4 30. Qc8+ Kh7 31. Qf8 Kg6 32. Qg7+ Kf5 33. Bg4+
Ke4 34. Qxf7 Qa5 35. Bf3+ Ke5 36. Bf4# {Black checkmated} 1-0

[Event "Team 45 45 League T46"]
[Site "Internet Chess Club"]
[Date "2010.08.10"]
[Round "1"]
[White "AntMantis"]
[Black "TerryMalloy"]
[Result "1/2-1/2"]
[WhiteElo "2037"]
[BlackElo "1972"]
[Opening "Nimzo-Indian defense"]
[ECO "E20"]
[Time "10:17:08"]
[TimeControl "2700+45"]

1. d4 Nf6 2. c4 e6 3. Nc3 Bb4 4. Bd2 O-O 5. Nf3 b6 6. e3 Bb7 7. Bd3 d5 8. cxd5
exd5 9. O-O Nbd7 10. Rc1 a6 11. Na4 Bd6 12. b4 Qe7 13. Qb3 Rfb8 14. b5 axb5 15.
Bxb5 Ne4 16. Bc6 Bxc6 17. Rxc6 Ra7 18. Nc3 Nxc3 19. Bxc3 Nf6 20. Rc1 Rba8 21.
Rc2 Ra3 22. Qb1 Qe4 23. Ne1 g6 24. Bd2 Kg7 25. f3 Qe8 26. R6c3 Qa4 27. Rxa3 Qxa3
28. Qb3 Qxb3 29. axb3 Ra3 30. Rb2 Ra1 31. g3 Kf8 32. Kf2 Ke8 33. Ke2 Kd7 34. Kd3
Ba3 35. Rc2 Rb1 36. Kc3 c5 37. dxc5 bxc5 38. Nd3 Ra1 39. Bc1 Bxc1 40. Rxc1 Rxc1+
41. Nxc1 Kd6 42. Nd3 Nd7 43. f4 Nf6 44. Nf2 Kc6 45. g4 Ne8 46. h3 Nd6 47. Kd3
Kb5 48. Kc3 f5 49. g5 Ne4+ 50. Nxe4 dxe4 51. h4 Kb6 {Game drawn by mutual
agreement} 1/2-1/2

[Event "Team 45 45 League T46"]
[Site "Internet Chess Club"]
[Date "2010.08.06"]
[Round "1"]
[White "Chess2Play"]
[Black "Karan99"]
[Result "1/2-1/2"]
[WhiteElo "1687"]
[BlackElo "1692"]
[Opening "QGD semi-Slav: Meran, 8...a6"]
[ECO "D48"]
[Time "18:00:10"]
[TimeControl "2700+45"]

1. d4 d5 2. c4 c6 3. Nc3 Nf6 4. e3 e6 5. Nf3 Nbd7 6. Bd3 dxc4 7. Bxc4 b5 8. Bd3
a6 9. e4 Be7 10. Qc2 Bb7 11. O-O c5 12. Bg5 cxd4 13. Nxd4 Qc7 14. Nf3 Rc8 15.
Rac1 b4 16. Bxf6 Bxf6 17. Na4 Qxc2 18. Rxc2 Rxc2 19. Bxc2 Ke7 20. b3 Rc8 21. Bb1
Bc6 22. Rc1 Kd8 23. Nc5 Nxc5 24. Rxc5 Bb7 25. Rxc8+ Kxc8 26. Nd2 Kd7 27. Nc4 Kc6
28. e5 Be7 29. Be4+ Kc7 30. Bxb7 Kxb7 31. Kf1 Kc6 32. Ke2 Kd5 33. Kd3 Bc5 34. f4
Bg1 35. h3 Bh2 36. Ke3 Bg1+ 37. Kd3 Bh2 38. Ke3 Bg1+ 39. Kd3 Bh2 40. Ke3 {Game
drawn by repetition} 1/2-1/2

[Event "Team 45 45 League T46"]
[Site "Internet Chess Club"]
[Date "2010.08.08"]
[Round "1"]
[White "ZacAttack99"]
[Black "RandyPCC"]
[Result "1-0"]
[WhiteElo "1630"]
[BlackElo "1840"]
[Opening "Queen's pawn game"]
[ECO "D02"]
[Time "17:00:23"]
[TimeControl "2700+45"]

1. d4 d5 2. Nf3 c6 3. e3 Nf6 4. Bd3 Bg4 5. b3 Nbd7 6. Bb2 e6 7. Nbd2 Bd6 8. Qc1
Qc7 9. c4 b6 10. O-O O-O 11. cxd5 exd5 12. Qc2 Rac8 13. Rac1 Rfe8 14. h3 Bh5 15.
Ba6 Bg6 16. Qc3 Rcd8 17. Qxc6 Qxc6 18. Rxc6 Nb8 19. Rxd6 Rxd6 20. Bb5 Rc8 21.
Ba3 Re6 22. Ng5 a6 23. Nxe6 fxe6 24. Be2 Rc2 25. Rd1 Rxa2 26. Bd6 Nbd7 27. Kf1
Ne8 28. Bf4 b5 29. Bg4 Kf7 30. Nf3 h6 31. h4 Rb2 32. Ra1 b4 33. Kg1 Rb1+ 34.
Rxb1 Bxb1 35. Nd2 Bc2 36. Kf1 Ndf6 37. Bf3 a5 38. Ke1 Ke7 39. Bd1 Bg6 40. g4 h5
41. g5 Nd7 42. Nf3 Nd6 43. Ne5 Nxe5 44. Bxe5 Nf5 45. Bg3 Be8 46. Bc7 e5 47. dxe5
Ke6 48. Bxa5 g6 49. Bxb4 Kxe5 50. Bc3+ d4 51. Bxd4+ Nxd4 52. exd4+ Kxd4 53. Kd2
Ke4 54. Kc3 Kd5 55. b4 Bb5 56. Bb3+ Ke5 57. Bc4 Bc6 58. b5 Be4 59. Bd3 Bb7 60.
Bxg6 Kf4 61. Bxh5 {Black resigns} 1-0